Map: Eternal Empire LE

Players

Geralt (Gerald) - Winner!

  • Race: Protoss Protoss
  • League: Grandmaster
  • Spawn Location: 1:00

SouLeer

  • Race: Zerg Zerg
  • League: Diamond
  • Spawn Location: 7:00

Event: DreamHack SC2 Masters 2020 Fall

VOD

Have the link to the VOD?

Description

Time

  • Played on: Aug. 28, 2020, 12:04 p.m.
  • Length: 6:49

All games in this series

Show
View Real Time Build Order
Export as new Build Order

Geralt Protoss - Winner!

Build Orders: 1 Gate Expand, Oracle Opening, Phoenix Opening 

Get SALT Encoding   

  12  0:00  Probe  
  13  0:12  Probe  
  14  0:20  Pylon  
  14  0:24  Probe  
  15  0:28  Assimilator  
  15  0:38  Probe (Chrono Boost)  
  16  0:44  Gateway  
  16  0:48  Probe (Chrono Boost)  
  17  0:53  Probe (Chrono Boost)  
  18  1:06  Probe  
  19  1:18  Probe  
  20  1:27  Nexus  
  21  1:37  Cybernetics Core  
  21  1:38  Probe  
  21  1:44  Assimilator  
  21  1:50  Probe  
  22  1:54  Pylon  
  22  2:02  Probe  
  23  2:14  Stargate, Adept (Chrono Boost)  
  23  2:15  Probe  
  24  2:22  Warp Gate  
  26  2:27  Probe  
  27  2:34  Adept (Chrono Boost)  
  27  2:39  Probe  
  27  2:40  Probe  
  31  2:51  Probe  
  32  2:52  Probe  
  32  2:56  Adept  
  32  2:57  Oracle (Chrono Boost)  
  35  3:03  Probe  
  39  3:09  Gateway  
  39  3:11  Probe  
  40  3:15  Probe  
  41  3:23  Probe  
  41  3:25  Pylon  
  42  3:27  Oracle (Chrono Boost), Probe  
  46  3:43  Probe x2  
  48  3:51  Gateway  
  48  3:55  Probe x2  
  50  3:57  Phoenix (Chrono Boost)  
  52  4:07  Probe x2  
  54  4:22  Pylon  
  54  4:23  Assimilator  
  54  4:39  Pylon  
  54  4:40  Oracle, Probe x2  
  54  4:42  Pylon  
  54  4:45  Adept  
  61  4:52  Probe  
  62  4:55  Nexus  
  62  4:57  Probe  
  63  5:04  Probe  
  64  5:08  Adept x3, Pylon  
  64  5:10  Probe  
  71  5:16  Probe  
  72  5:22  Probe  
  72  5:25  Robotics Facility  
  72  5:27  Forge  
  69  5:28  Probe  
  69  5:29  Assimilator  
  69  5:30  Twilight Council  
  69  5:31  Adept x2  
  69  5:32  Adept  
  69  5:34  Probe  
  77  5:40  Probe  
  78  5:46  Probe  
  78  5:49  Shield Battery  
  79  5:53  Probe  
  80  5:57  Adept x3  
  86  6:06  Probe x2  
  88  6:11  Probe  
  93  6:18  Probe x2  
  93  6:23  Probe  
  94  6:27  Stalker x2  
  94  6:28  Stalker  
  94  6:30  Probe  
  101  6:35  Probe x2  
  101  6:36  Assimilator  
  101  6:39  Assimilator  
  101  6:40  Gateway  
  101  6:41  Gateway  
  101  6:43  Gateway  
Show
View Real Time Build Order
Export as new Build Order

SouLeer Zerg 

Build Orders: Hatch First 

Get SALT Encoding   

  12  0:00  Drone  
  13  0:12  Overlord  
  13  0:18  Drone  
  14  0:30  Drone  
  14  0:31  Drone  
  16  0:48  Hatchery  
  15  0:54  Drone  
  15  0:56  Drone  
  17  0:59  Drone  
  18  1:12  Extractor  
  18  1:15  Spawning Pool  
  18  1:18  Drone  
  17  1:21  Drone  
  18  1:28  Drone  
  19  1:39  Drone  
  20  1:52  Overlord  
  20  2:02  Queen x2  
  20  2:03  Zergling x4  
  26  2:11  Drone x2  
  28  2:22  Drone x2  
  30  2:23  Metabolic Boost  
  30  2:39  Hatchery  
  30  2:43  Drone  
  30  2:45  Drone  
  30  2:47  Drone  
  32  2:53  Overlord  
  32  2:55  Drone  
  32  2:57  Drone  
  34  3:02  Queen  
  36  3:11  Drone  
  36  3:12  Drone x2  
  39  3:15  Drone x2  
  41  3:20  Overlord  
  41  3:22  Drone  
  42  3:29  Drone x2  
  44  3:38  Queen  
  44  3:39  Overlord  
  46  3:43  Drone  
  46  3:45  Drone x2  
  46  3:46  Drone  
  50  3:50  Drone  
  50  3:55  Drone x2  
  50  4:03  Spore Crawler  
  50  4:04  Drone x2, Spore Crawler  
  50  4:08  Spore Crawler  
  48  4:12  Drone x2  
  52  4:17  Drone x4  
  52  4:21  Spore Crawler  
  52  4:24  Drone x2, Lair  
  55  4:29  Drone, Evolution Chamber  
  53  4:33  Drone  
  53  4:34  Overlord  
  54  4:39  Drone  
  54  4:44  Roach Warren  
  54  4:45  Extractor  
  53  4:47  Drone x4  
  53  4:50  Overlord  
  53  4:52  Overlord  
  57  4:57  Evolution Chamber  
  56  5:02  Evolution Chamber  
  56  5:05  Drone x4  
  56  5:06  Drone x2  
  61  5:11  Overlord  
  61  5:16  Overlord  
  61  5:18  Drone  
  61  5:19  Drone x4  
  64  5:24  Drone x4  
  68  5:28  Overlord  
  68  5:31  Extractor  
  67  5:36  Overlord  
  67  5:38  Overseer  
  67  5:41  Extractor x2  
  67  5:42  Drone  
  66  5:43  Drone x3  
  66  5:44  Drone  
  66  5:45  Drone  
  66  5:48  Overlord  
  71  5:50  Drone  
  71  5:54  Overlord  
  71  5:56  Roach  
  71  5:57  Roach x2  
  78  5:58  Zergling x2  
  78  6:00  Zergling x4  
  78  6:03  Zergling x2  
  79  6:08  Roach x3  
  79  6:11  Roach  
  79  6:15  Roach  
  79  6:17  Zergling x2  
  77  6:22  Roach x2  
  73  6:27  Roach  

Tags
 
Add a new tag
Caveats
  • Supply blocks, unpowered buildings, or Contaminate may cause inaccurate times.
  • Supply counts are checked every 10 seconds.